 Dungeon Crawl Stone Soup version 0.15.2 (webtiles) character file.

6230 Heini the Basher (level 10, -11/92 (95) HPs)
             Began as a Minotaur Fighter on Jan 31, 2015.
             Was a High Priest of Okawaru.
             Mangled by a komodo dragon (24 damage)
             ... on Level 1 of the Lair of Beasts.
             The game lasted 00:22:48 (7276 turns).

Heini the Basher (Minotaur Fighter)                 Turns: 7276, Time: 00:22:48

HP -11/92 (95)   AC 17     Str 24      XL: 10   Next: 61%
MP   4/4         EV  7     Int  5      God: Okawaru [*****.]
Gold 387         SH  0     Dex 10      Spells:  0 memorised,  9 levels left

rFire  . . .     SeeInvis .     C - +0 dire flail
rCold  . . .     Clarity  .     E - +0 plate armour (curse)
rNeg   + . .     rCorr    .     (no shield)
rPois  +         rRot     .     (helmet restricted)
rElec  .         Spirit   .     (no cloak)
SustAb .         Warding  +     p - +0 pair of gloves (curse)
rMut   .         Stasis   .     u - +0 pair of boots
Gourm  .                        m - amulet of warding
MR     +....                    x - ring of protection from magic
                                N - ring of poison resistance

@: somewhat resistant to hostile enchantments, extremely unstealthy
A: retaliatory headbutt, horns 2
a: Heroism, Finesse, Renounce Religion


You were on level 1 of the Lair of Beasts.
You worshipped Okawaru.
Okawaru was extremely pleased with you.
You were very hungry.

You visited 3 branches of the dungeon, and saw 10 of its levels.

You collected 387 gold pieces.

Inventory:

Hand weapons
 a - a +1 flail
 C - a +0 dire flail (weapon)
Armour
 c - a +0 shield
 p - a cursed +0 pair of gloves (worn)
 t - a +2 ring mail of cold resistance
 u - a +0 pair of boots (worn)
 E - a cursed +0 plate armour (worn)
 H - a +0 cloak
Magical devices
 l - a wand of random effects (14) {unknown}
 s - a wand of frost (3)
 v - a wand of confusion (10) {unknown}
 y - a wand of invisibility (4) {unknown}
 G - a wand of polymorph (18) {unknown}
 R - a wand of cold (9) {unknown}
 T - a wand of hasting (4) {unknown}
Comestibles
 d - 3 bread rations
 j - 11 fruits
 D - 3 meat rations
 M - a royal jelly
Scrolls
 b - 2 scrolls of teleportation
 k - 2 scrolls of blinking {unknown}
 F - 3 scrolls of remove curse
 I - a scroll of fog
 J - 3 scrolls of amnesia
 Q - a scroll of acquirement {unknown}
Jewellery
 f - a +1 ring of protection
 i - an uncursed ring of poison resistance
 m - an amulet of warding (around neck)
 x - a ring of protection from magic (right hand)
 A - an uncursed ring of flight
 N - a ring of poison resistance (left hand)
 O - an uncursed ring of sustain abilities {unknown}
Potions
 e - 3 potions of might
 g - 3 potions of magic
 h - 2 potions of haste
 n - a potion of mutation {unknown}
 o - a potion of heal wounds {unknown}
 q - a potion of restore abilities
 r - a potion of berserk rage {unknown}
 w - a potion of curing
 z - 2 potions of brilliance
 B - a potion of flight {unknown}
 L - a potion of porridge
Books
 K - a book of Air

   Spells                             Type                      Level
   Shock                              Conjuration/Air              1
   Swiftness                          Charms/Air                   2
   Repel Missiles                     Charms/Air                   2
   Flight                             Charms/Air                   3
   Static Discharge                   Conjuration/Air              3
   Lightning Bolt                     Conjuration/Air              5
 S - a book of Enchantments

   Spells                             Type                      Level
   Tukima's Dance                     Hexes                        3
   Cause Fear                         Hexes                        4
   Silence                            Hexes/Air                    5
   Deflect Missiles                   Charms/Air                   6
   Haste                              Charms                       6
   Discord                            Hexes                        8


   Skills:
 * Level 11.1 Fighting
 * Level 12.3 Maces & Flails
 * Level 10.8 Armour
 - Level 3.6 Shields


You had 9 spell levels left.
You didn't know any spells.

Dungeon Overview and Level Annotations

Branches:
Dungeon (8/15)             Temple (1/1) D:4            Lair (1/8) D:8

Altars:
Ashenzari
Cheibriados
Dithmenos
Kikubaaqudgha
Makhleb
Nemelex Xobeh
Okawaru
Qazlal
Trog
Vehumet
Xom
Yredelemnul
Zin

Shops:
D:8 %[


Innate Abilities, Weirdness & Mutations

You reflexively headbutt those who attack you in melee.
You have a pair of horns on your head.


Message History

Your plate armour prevents you from hitting the komodo dragon.
The komodo dragon bites you!
* * * LOW HITPOINT WARNING * * *
You sock the komodo dragon! Your headbutt misses the komodo dragon.
The komodo dragon is moderately wounded.
You closely miss the komodo dragon.
The komodo dragon is moderately wounded.
The komodo dragon bites you.
* * * LOW HITPOINT WARNING * * *
You hit the komodo dragon. Your headbutt misses the komodo dragon.
The komodo dragon is moderately wounded.
You are feeling very hungry.
The komodo dragon bites you.
* * * LOW HITPOINT WARNING * * *
You barely miss the komodo dragon.
The komodo dragon is moderately wounded.
You puncture the komodo dragon! You headbutt the komodo dragon.
The komodo dragon is severely wounded.
The komodo dragon bites you!!
You die...

### ### ###
#.#######.#####P#################
.................................
.................................
.....................#####.......
.....................#####.......
.................................
....###.P##............#..#.##...
................@l...............
.#.#..#.##.##.####..##..#........
......................>..........
.............#####...####.##P.###
..................##+###.........
PP#.P.###....#####.......##.#.##.
.............# #.........###.....
...P##.#.PP###......#.#... ####
...........##.....#...# # ...


You could see a komodo dragon.

Vanquished Creatures
  The ghost of Hodglim the Thaumaturge, an experienced HEWz (D:6)
  Maurice (D:8)
  2 spiny frogs (Lair:1)
  A black mamba (Lair:1)
  4 blink frogs (Lair:1)
  A hill giant zombie (D:6)
  A yak (D:8)
  A deep elf fighter (D:8)
  A hippogriff (Lair:1)
  A hungry ghost (D:7)
  Edmund (D:4)
  2 porcupines (Lair:1)
  2 water moccasins
  6 ice beasts
  3 necrophages (D:7)
  An orc warrior (D:6)
  A sky beast (D:5)
  A crocodile (Lair:1)
  2 centaurs
  Duvessa (D:7)
  2 giant frogs
  A troll zombie (D:7)
  A scorpion (D:4)
  2 wights (D:7)
  Dowan (D:7)
  3 crimson imps
  2 giant frog skeletons
  2 hounds
  An orc priest (D:6)
  2 jellies
  2 iguanas
  4 orc wizards (D:6)
  3 worker ants
  A crocodile zombie (D:6)
  Jessica (D:3)
  An ogre zombie (D:7)
  A mottled dragon skeleton (D:8)
  Terence (D:3)
  A mummy (D:7)
  6 green rats
  3 gnolls (D:7)
  14 adders
  3 shadow imps
  3 worms
  An adder skeleton (D:4)
  An iguana skeleton (D:7)
  An orc zombie (D:8)
  5 giant geckos
  2 oozes
  5 orcs
  2 ball pythons (D:2)
  4 giant cockroaches
  18 goblins
  13 hobgoblins
  15 kobolds
  2 quokkas
  18 bats
  4 giant newts
  15 jackals
  A kobold skeleton (D:4)
  An orc skeleton (D:8)
  16 rats
  A rat skeleton (D:6)
  2 rat zombies (D:7)
  A fungus (D:8)
223 creatures vanquished.

Notes
Turn   | Place    | Note
--------------------------------------------------------------
     0 | D:1      | Heini, the Minotaur Fighter, began the quest for the Orb.
     0 | D:1      | Reached XP level 1. HP: 19/19 MP: 1/1
    88 | D:1      | Reached skill level 4 in Fighting
   102 | D:1      | Reached XP level 2. HP: 13/27 MP: 1/1
   278 | D:1      | Reached XP level 3. HP: 27/34 MP: 2/2
   917 | D:2      | Found a snail-covered altar of Cheibriados.
  1091 | D:2      | Reached XP level 4. HP: 41/41 MP: 2/2
  1516 | D:3      | Noticed Terence
  1523 | D:3      | Killed Terence
  1523 | D:3      | Reached skill level 5 in Fighting
  1590 | D:3      | Found an ancient bone altar of Kikubaaqudgha.
  1860 | D:3      | Noticed Jessica
  1871 | D:3      | Killed Jessica
  1871 | D:3      | Reached skill level 5 in Armour
  1957 | D:3      | Reached XP level 5. HP: 48/48 MP: 2/2
  2000 | D:4      | Noticed an ice beast
  2010 | D:4      | Killed an ice beast
  2162 | D:4      | Reached XP level 6. HP: 47/57 MP: 3/3
  2251 | D:4      | Reached skill level 6 in Armour
  2379 | D:4      | Reached skill level 5 in Maces & Flails
  2421 | D:4      | Found a staircase to the Ecumenical Temple.
  2437 | Temple   | Entered the Ecumenical Temple
  2489 | Temple   | Became a worshipper of Warmaster Okawaru
  2771 | D:4      | Found a sparkling altar of Nemelex Xobeh.
  3089 | D:4      | Noticed Edmund
  3098 | D:4      | Killed Edmund
  3098 | D:4      | Reached XP level 7. HP: 56/64 MP: 3/3
  3162 | D:5      | Entered Level 5 of the Dungeon
  3320 | D:5      | Acquired Okawaru's first power
  3320 | D:5      | Reached skill level 7 in Armour
  3836 | D:5      | Reached XP level 8. HP: 59/73 MP: 3/3
  3843 | D:6      | Noticed Hodglim's ghost (experienced HEWz)
  3861 | D:6      | Killed Hodglim's ghost
  3899 | D:6      | Reached skill level 8 in Maces & Flails
  4526 | D:6      | Reached skill level 9 in Maces & Flails
  4532 | D:6      | Reached XP level 9. HP: 16/82 MP: 4/4
  5329 | D:7      | Noticed Duvessa
  5337 | D:7      | Killed Duvessa
  5339 | D:7      | Noticed Dowan
  5344 | D:7      | Killed Dowan
  5344 | D:7      | Reached skill level 10 in Maces & Flails
  5978 | D:8      | Noticed Maurice
  6006 | D:8      | Killed Maurice
  6006 | D:8      | Reached skill level 10 in Fighting
  6068 | D:8      | Found Naorgh's Antique Armour Shoppe.
  6087 | D:8      | Found a staircase to the Lair.
  6091 | D:8      | Reached skill level 11 in Maces & Flails
  6097 | Lair:1   | Entered Level 1 of the Lair of Beasts
  6334 | D:8      | Reached XP level 10. HP: 90/90 MP: 4/4
  6448 | D:8      | Found Thiri's Food Emporium.
  6618 | Lair:1   | Noticed a spiny frog
  6624 | Lair:1   | Killed a spiny frog
  6624 | Lair:1   | Reached skill level 10 in Armour
  6786 | Lair:1   | Reached skill level 12 in Maces & Flails
  7076 | Lair:1   | Acquired Okawaru's second power
  7223 | Lair:1   | Noticed a komodo dragon
  7223 | Lair:1   | Noticed a black mamba
  7232 | Lair:1   | Killed a black mamba
  7276 | Lair:1   | Mangled by a komodo dragon

Action                   |  1- 3 |  4- 6 |  7- 9 | 10-12 || total
-------------------------+-------+-------+-------+-------++-------
Melee: Flail             |   111 |   160 |       |       ||   271
       Dire flail        |       |       |   350 |    90 ||   440
  Use: Scroll            |     4 |     4 |     7 |     1 ||    16
       Potion            |       |       |       |     1 ||     1
  Eat: Chunk             |     1 |     6 |    11 |     2 ||    20
